 Dungeon Crawl Stone Soup version 0.26-a0-278-g3b0d5afba5 (webtiles) character file.

Game seed: 18060364478823179001

3950 BritishOli the Skirmisher (level 10, 51/80 HPs)
             Began as a Demonspawn Fighter on July 12, 2020.
             Was an Elder of Okawaru.
             Quit the game on level 8 of the Dungeon.
             The game lasted 00:10:34 (10934 turns).

BritishOli the Skirmisher (Demonspawn Fighter)     Turns: 10934, Time: 00:10:35

Health: 51/80      AC:  9    Str: 19    XL:     10   Next: 2%
Magic:  7/10       EV:  7    Int: 16    God:    Okawaru [****..]
Gold:   0          SH: 11    Dex: 13    Spells: 9/9 levels left

rFire    . . .     SeeInvis .   a - +0 long sword
rCold    . . .     Faith    +   c - +1 kite shield
rNeg     . . .     Spirit   +   b - +0 scale mail
rPois    .         Reflect  .   (no helmet)
rElec    .         Harm     .   (no cloak)
rCorr    .                      (no gloves)
MR       .....                  (no boots)
Stlth    ..........             i - amulet of faith
HPRegen  0.23/turn              u - +6 ring of intelligence
MPRegen  0.12/turn              (no ring)

@: drained
A: iridescent scales 1, demonic guardian 1, magic shield
a: Heroism, Renounce Religion


You were on level 8 of the Dungeon.
You worshipped Okawaru.
Okawaru was greatly pleased with you.
You visited 2 branches of the dungeon, and saw 9 of its levels.

You collected 167 gold pieces.
You spent 167 gold pieces at shops.

Inventory:

Hand Weapons
 a - a +0 long sword (weapon)
Armour
 b - a +0 scale mail (worn)
 c - a +1 kite shield (worn)
Jewellery
 i - an amulet of faith (around neck)
 u - a +6 ring of intelligence (left hand)
 A - a cursed ring of teleportation {unknown}
Wands
 D - a wand of disintegration (7)
 E - a wand of polymorph (8)
Scrolls
 f - a scroll of magic mapping
 h - 6 scrolls of remove curse {unknown}
 j - 3 scrolls of teleportation
 k - a scroll of identify
 n - 3 scrolls of enchant weapon
 o - 3 scrolls of random uselessness
 p - a scroll of fog
 q - a scroll of immolation
 s - 2 scrolls of amnesia {unknown}
 y - a scroll of blinking
 z - a scroll of noise {unknown}
Potions
 d - 2 potions of might
 e - 2 potions of lignification {unknown}
 g - a potion of ambrosia {unknown}
 l - 2 potions of resistance {unknown}
 m - 4 potions of curing
 r - a potion of flight {unknown}
 v - 3 potions of degeneration {unknown}
 w - a potion of cancellation {unknown}
 x - a potion of magic {unknown}
 B - a potion of stabbing {unknown}
 C - a potion of heal wounds {unknown}


   Skills:
 + Level 7.9(6.8) Fighting
 + Level 6.8(5.8) Long Blades
 + Level 7.1(6.1) Armour
 + Level 7.2(6.2) Shields


You had 9 spell levels left.
You didn't know any spells.
Your spell library contained the following spells:

 Spells                   Type           Power        Failure   Level
 Beastly Appendage        Tmut           #.....       91%         1
 Corona                   Hex            #......      91%         1
 Ensorcelled Hibernation  Hex/Ice        #.....       97%         2
 Sticks to Snakes         Tmut           #.......     97%         2
 Confusing Touch          Hex            #.......     100%        3
 Dazzling Flash           Conj/Hex       #.....       100%        3
 Spider Form              Tmut/Pois      #.........   100%        3
 Tukima's Dance           Hex            #.......     100%        3
 Ice Form                 Ice/Tmut       #.......     100%        4
 Blade Hands              Tmut           #.........   100%        5


Dungeon Overview and Level Annotations

Branches:
Dungeon (8/15)             Temple (1/1) D:5
   Lair: D:8-11

Altars:
Ashenzari
Cheibriados
Dithmenos
Elyvilon
Fedhas
Gozag
Hepliaklqana
Kikubaaqudgha
Makhleb
Nemelex Xobeh
Okawaru
Qazlal
Ru
Sif Muna
Trog
Uskayaw
Vehumet
Wu Jian
Xom
Yredelemnul
Zin
The Shining One

Shops:
D:4 ?   D:6 !=

Annotations:
D:5 2 transporters, MrRokkomies's ghost, novice HuCj
D:8 Maurice


Innate Abilities, Weirdness & Mutations

You are partially covered in iridescent scales. (AC +2)
A weak demonic guardian rushes to your aid.
When hurt, damage is shared between your health and your magic reserves.


Message History

A human is nearby!
You closely miss the human. The human hits you with a +0 flail!
A human is nearby!
You hit the human.
The human is lightly wounded.
The human hits you but does no damage.
A human is nearby!
You closely miss the human.
The human is lightly wounded.
The human hits you with a +0 flail.
A human is nearby!
You closely miss the human.
The human is lightly wounded.
The human hits you with a +0 flail!
You closely miss the human.
The human is lightly wounded.
You block the human's attack.
A human is nearby!
A human is nearby!
Are you sure you want to abandon this character and quit the game? (Confirm with "yes".)

#####.##.####.<...####
#####..).))...).......
....####[#####(##..... #(.......#
#(######### ###
#........#####((.ZZ....# #.#
#............#########.########.#
#...........)).))# #..5.T......
#.......#....###5# #...........
........#....###@## #.......o.@.
........#....##.p.# #.)...z.z5po
........#######...# #†(.ppO..zop
........# #.......5########S#
........# #.......... #.#
######### #........#. #p#
#......?.# .Z# #........# ....
#........# .....


You could see a human and a friendly ufetubus (summoned).

Vanquished Creatures
  Prince Ribbit (D:6)
  4 humans (D:8)
  2 water moccasins
  2 ice beasts (D:7)
  3 sky beasts
  2 ogres
  A phantom (D:7)
  3 centaurs
  2 bullfrogs
  A wyvern skeleton (D:8)
  4 scorpions
  3 jellies
  5 wights
  A howler monkey (D:5)
  3 hounds
  5 orc priests
  A centaur skeleton (D:4)
  3 iguanas
  4 orc wizards
  5 worker ants
  A howler monkey zombie (D:7)
  Robin (D:2)
  A worker ant zombie (D:8)
  15 adders
  A shadow imp (D:6)
  2 white imps
  3 ufetubi
  2 oozes
  A worm (D:3)
  A dart slug (D:1)
  6 leopard geckos
  21 orcs
  2 bats
  5 giant cockroaches
  11 goblins
  13 hobgoblins
  4 jackals
  6 kobolds
  3 quokkas
  A frilled lizard (D:1)
  A leopard gecko skeleton (D:8)
  2 quokka skeletons
  2 quokka zombies
  4 rats (D:1)
164 creatures vanquished.

Vanquished Creatures (collateral kills)
  Psyche (D:7)
  A water moccasin (D:5)
  A necrophage (D:5)
  An ogre (D:4)
  A phantom (D:5)
  A scorpion (D:5)
  A wight (D:6)
  2 orc wizards (D:4)
  An orc priest (D:4)
  A shadow imp (D:4)
  2 orcs
  A ball python (D:4)
14 creatures vanquished.

Vanquished Creatures (others)
  An orc (D:8)
1 creature vanquished.

Grand Total: 179 creatures vanquished

Notes
Turn   | Place    | Note
-------+----------+-------------------------------------------
     0 | D:1      | BritishOli the Demonspawn Fighter began the quest for the
                  | Orb.
     0 | D:1      | Reached XP level 1. HP: 18/18 MP: 1/1
    17 | D:1      | Gained mutation: A weak demonic guardian rushes to your
                  | aid. [demonic ancestry]
    17 | D:1      | Reached XP level 2. HP: 21/24 MP: 2/2
  1097 | D:2      | Gained mutation: You are partially covered in iridescent
                  | scales. (AC +2) [demonic ancestry]
  1097 | D:2      | Reached XP level 3. HP: 29/29 MP: 3/3
  1459 | D:2      | Found an opulent altar of Gozag.
  1700 | D:2      | Noticed Robin
  1705 | D:2      | Reached XP level 4. HP: 33/35 MP: 4/4
  1726 | D:2      | Killed Robin
  2282 | D:3      | Reached XP level 5. HP: 38/42 MP: 5/5
  3059 | D:4      | Reached XP level 6. HP: 42/48 MP: 6/6
  3605 | D:4      | Found a burning altar of Makhleb.
  3605 | D:4      | Noticed a green death
  3619 | D:4      | Found Willat's Magic Scroll Emporium.
  3637 | D:4      | Bought a scroll of teleportation for 30 gold pieces
  3637 | D:4      | Bought a scroll of blinking for 75 gold pieces
  3637 | D:4      | Bought a scroll of identify for 20 gold pieces
  4128 | D:5      | Entered Level 5 of the Dungeon
  4132 | D:5      | Found a transporter.
  4163 | D:5      | Reached XP level 7. HP: 43/55 MP: 7/7
  4246 | D:5      | Found a transporter.
  4433 | D:5      | Reached skill level 5 in Fighting
  4717 | D:5      | Found a staircase to the Ecumenical Temple.
  4727 | Temple   | Entered the Ecumenical Temple
  4883 | Temple   | Became a worshipper of Warmaster Okawaru
  5175 | D:5      | Reached skill level 5 in Shields
  5441 | D:5      | Reached * piety under Okawaru
  5441 | D:5      | Reached skill level 5 in Armour
  5441 | D:5      | Reached XP level 8. HP: 51/60 MP: 8/8
  5596 | D:5      | Noticed MrRokkomies's ghost (novice HuCj)
  5664 | D:6      | Found Locloc's Jewellery Shoppe.
  6086 | D:6      | Noticed Prince Ribbit
  6113 | D:6      | Killed Prince Ribbit
  6113 | D:6      | Reached ** piety under Okawaru
  6113 | D:6      | Reached skill level 5 in Long Blades
  6406 | D:6      | Found Neesur's Distillery.
  6421 | D:6      | Bought a potion of curing for 42 gold pieces
  7206 | D:6      | HP: 3/62 [something (5)]
  7836 | D:7      | Reached XP level 9. HP: 62/68 MP: 9/9
  7908 | D:7      | Reached *** piety under Okawaru
  8815 | D:7      | Found an iron altar of Okawaru.
  9068 | D:8      | Noticed Maurice
  9117 | D:8      | Noticed Psyche
  9124 | D:8      | Noticed a troll
  9478 | D:8      | Reached **** piety under Okawaru
 10077 | D:7      | Killed Psyche
 10639 | D:8      | Gained mutation: When hurt, damage is shared between your
                  | health and your magic reserves. [demonic ancestry]
 10639 | D:8      | Reached XP level 10. HP: 69/80 MP: 10/10
 10934 | D:8      | Quit the game

Illustrated notes

Levels and vault maps discovered:
D:1:      scummos_arrival_hexagon, layout_basic
D:2:      layout_loops_ring, old_standard_altar, uniq_robin
D:3:      layout_loops_ring, serial_bayou_pond_e
D:4:      layout_gridville, serial_shops, shop, makhleb_altar_promises_db
D:5:      layout_basic, minmay_temple_entry_ruins, gammafunk_ghost_mausoleum,
          ebering_dispersal_statue_hall, hangedman_decor_slide_cut,
          eino_tiny_chamber, roderic_serpentine_path
D:6:      layout_basic, serial_shops, nicolae_shop_window_shopping, shop,
          minmay_misc_feat_encased, lemuel_another_geyser, uniq_prince_ribbit1
D:7:      layout_loops_ring, hangedman_decor_peaks_small, minmay_misc_feat_tiny,
          okawaru_ov_weapons_minmay
D:8:      statuecave_lemuel, layout_basic, ebering_ghost_xom, minmay_ruffians,
          uniq_maurice, uniq_psyche
Temple:   minmay_crystal_snake_temple

Skill      XL: |  1  2  3  4  5  6  7  8  9 |
---------------+----------------------------+-----
Long Blades    | 2 3 4 5 6 |  6.8
Shields        | 3 4 5 6 7 |  7.2
Armour         | 3 4 5 6 7 |  7.1
Fighting       | 4 5 6 7 |  7.9

Action                   |  1- 3 |  4- 6 |  7- 9 | 10-12 || total
-------------------------+-------+-------+-------+-------++-------
Melee: Long sword        |   131 |   188 |   660 |    20 ||   999
Evoke: Wand              |       |       |     2 |       ||     2
  Use: Scroll            |       |     7 |     1 |       ||     8
       Potion            |       |       |     2 |       ||     2
 Stab: Invisible         |       |       |     2 |       ||     2
Armor: Scale mail        |    62 |    83 |   267 |     5 ||   417
Dodge: Dodged            |    37 |    58 |   162 |     5 ||   262
Block: Kite shield       |    72 |    88 |   392 |     9 ||   561
       Rpst.: Long sword |     9 |    24 |    52 |     1 ||    86

Table legend:
 A = Non-vault XP
 B = Vault XP
 C = Vault XP percentage of total XP
 D = Non-vault monster count
 E = Vault monster count
 F = Vault count percentage of total count
                 A         B        C        D         E       F
            +---------+---------+-------+---------+---------+-------
      Total |    4245 |    1398 |  24.8 |     161 |      17 |   9.6
            +---------+---------+-------+---------+---------+-------
        D:1 |      37 |       0 |   0.0 |      21 |       0 |   0.0
        D:2 |      53 |      34 |  39.1 |      10 |      11 |  52.4
        D:3 |     212 |       0 |   0.0 |      21 |       0 |   0.0
        D:4 |     390 |       0 |   0.0 |      17 |       0 |   0.0
        D:5 |     809 |       0 |   0.0 |      24 |       0 |   0.0
        D:6 |     895 |     296 |  24.9 |      21 |       1 |   4.5
        D:7 |    1067 |     363 |  25.4 |      24 |       1 |   4.0
        D:8 |     782 |     705 |  47.4 |      23 |       4 |  14.8
            +---------+---------+-------+---------+---------+-------
